AoeStats
← [GG] Shevchenko 7

Four Lakes

510194798Analyzed
1v1 RM · 3d ago on Sep 29, 2026· 52m 37s· 2 players
Game mode
Random Map
Map size
Tiny (2 player)
Population
200
Speed
Normal
Resources
Standard
Victory
Conquest
Starting age
Dark Age
Ending age
Imperial Age
RankedLock teamsTeams togetherTeam positionsShared explorationLock speedFull tech treeHidden civsTurbo modeCheats
Victory
Defeat
🇲🇽 Huns · Mexico
1063
+16
🇧🇷 Persians · Brazil
1071
-16
Mezcalito
1:57 Loom
14:48 Feudal Age
15:30 Town Watch
19:09 Castle Age
20:48 Double-Bit Axe
21:20 Bloodlines
27:29 Fletching
27:50 Forging
27:42 Padded Archer Armor
27:48 Scale Barding Armor
31:51 Imperial Age
30:07 Bow Saw
31:25 Pikeman
39:39 Leather Archer Armor
45:46 Bodkin Arrow
50:06 Ballistics
[GG] Shevchenko 7
8:28 Loom
10:36 Feudal Age
16:47 Scale Barding Armor
22:59 Castle Age
24:26 Fletching
33:08 Imperial Age
31:32 Husbandry
31:35 Scale Mail Armor
33:21 Chain Barding Armor
33:18 Forging
34:00 Chain Mail Armor
34:04 Double-Bit Axe
36:18 Plate Barding Armor
38:20 Chemistry
46:00 Wheelbarrow
47:22 Cavalier
49:03 Town Watch
Connection lost

Rejoining the realm…

Still unreachable

The connection could not be restored.

Session expired

The server has moved on; the page needs a fresh start.